 Dungeon Crawl Stone Soup version 0.17-a0-957-ga3519be (webtiles) character file.

67321 Sixotanaka the Unseen (level 14, -3/66 HPs)
             Began as a Felid Transmuter on May 5, 2015.
             Was the Champion of Dithmenos.
             Slain by an eight-headed hydra (14 damage)
             ... on level 2 of the Swamp on May 7, 2015.
             The game lasted 03:09:51 (50659 turns).

Sixotanaka the Unseen (Felid Transmuter)           Turns: 50659, Time: 03:09:51

Health: -3/66      AC:  3    Str:  6    XL:     14   Next: 82%
Magic:  13/22      EV: 32    Int: 16    God:    Dithmenos [******]
Gold:   1535       SH:  0    Dex: 24    Spells: 7 memorised, 0 levels left
                                        Lives:  0   Deaths: 3

rFire  + . .     SeeInvis +       - Unarmed
rCold  + . .     Clarity  .     (armour unavailable)
rNeg   + . .     SustAb   .     (shield unavailable)
rPois  +         Gourm    .     (helmet unavailable)
rElec  .         Spirit   .     (cloak unavailable)
rCorr  .         Warding  .     (gloves unavailable)
rMut   .         Stasis   .     (boots unavailable)
MR     ++...                    (no amulet)
Stlth  ++++++++++               b - ring of poison resistance
                                D - ring of Shadows {Umbra +Inv rN+ SInv}

@: blade paws, very slightly contaminated, wreathed by umbra, repel missiles,
invisible, quick, very resistant to hostile enchantments, uncannily stealthy
A: no armour, no weapons or thrown items, claws 1, fangs 3, see invisible,
carnivore 3, clever 1, fire resistance 1, speed 1, shaggy fur 3, slow metabolism
1, (sharp paws)
a: End Transformation, Shadow Step, Shadow Form, Renounce Religion, Turn Visible


You were on level 2 of the Swamp.
You worshipped Dithmenos.
Dithmenos was exalted by your worship.
You were very full.
You had blades for front paws.
You visited 5 branches of the dungeon, and saw 32 of its levels.
You also visited: Labyrinth, Sewer and Ice Cave.

You collected 3318 gold pieces.
You spent 1783 gold pieces at shops.


Innate Abilities, Weirdness & Mutations

You cannot wear armour.
You are incapable of wielding weapons or throwing items.
You have sharp claws.
You have razor-sharp teeth.
You have supernaturally acute eyesight.
You are carnivorous and can eat meat at any time.
You cover ground quickly.
Your thick and shaggy fur keeps you warm (AC +3, rC+).
You have a slow metabolism.
((Your sharp claws are effective at attacking unaware monsters.))
Your mind is acute. (Int +2)
Your flesh is heat resistant.


   Skills:
 + Level 10.2 Fighting
 - Level 12.3 Dodging
 - Level 20.6 Stealth
 - Level 14.2 Unarmed Combat
 - Level 2.0 Spellcasting
 - Level 5.0 Hexes
 - Level 10.0 Transmutations
 - Level 10.6 Invocations
 - Level 6.1 Evocations


You couldn't memorise any spells.
You knew the following spells:

 Your Spells              Type           Power        Failure   Level  Hunger
b - Blink                 Tloc           N/A          73%         2    ###....
c - Blade Hands           Trmt           ####......   50%         5    ######.
d - Repel Missiles        Chrm/Air       #.....       73%         2    ###....
v - Dazzling Spray        Conj/Hex       #.......     63%         3    ###....
x - Spider Form           Trmt/Pois      ###.......   45%         3    ###....
y - Sticks to Snakes      Trmt           ####......   12%         2    ###....
z - Beastly Appendage     Trmt           ####..       12%         1    #......


Dungeon Overview and Level Annotations

Branches:
Dungeon (15/15)            Temple (1/1) D:4            Lair (8/8) D:11
  Swamp (4/4) Lair:5        Snake (0/4) Lair:4        Slime (0/6) Lair:7
    Orc (4/4) D:9             Elf (0/3) Orc:3        Vaults (0/5) D:13
 Depths (0/5) D:15

Altars:
Ashenzari
Cheibriados
Dithmenos
Elyvilon
Fedhas
Gozag
Makhleb
Nemelex Xobeh
Okawaru
Qazlal
Ru
Sif Muna
Trog
Xom
Zin
The Shining One
Beogh

Shops:
D:6 (   D:12 [   D:14 [   Orc:4 }[**(

Annotations:
D:12 exclusion: 2 doors
Lair:2 Gastronok
Lair:4 exclusion: oklob plant
Lair:6 Rupert
Lair:7 exclusion: 3 oklob plants
Lair:8 5 exclusions
Swamp:1 exclusion: Roxanne, Nikola, Roxanne

Inventory:

Missiles
 a - 466 arrows
 E - 11 poisoned arrows
 J - 19 arrows of flame
Jewellery
 b - a ring of poison resistance (right scythe-like blade)
 j - an uncursed ring of protection from fire
 m - an uncursed ring of teleportation
 o - an uncursed amulet of stasis
 p - a +2 ring of slaying
 t - an uncursed ring of protection from cold
 z - an uncursed amulet of clarity
 D - the ring of Shadows (left scythe-like blade) {Umbra +Inv rN+ SInv}
   (You found it on level 5 of the Dungeon)

   [ring of invisibility]

   It protects you from negative energy.
   It enhances your eyesight.
   It lets you turn invisible.
 O - a +2 ring of evasion
Magical devices
 r - a wand of paralysis (0)
 w - a wand of heal wounds (2) {@v2}
 y - a wand of confusion (19)
 Q - a wand of digging (17)
 U - a wand of slowing (25)
 X - a wand of enslavement (16)
Scrolls
 e - 2 scrolls of recharging
 h - 5 scrolls of fear
 i - 8 scrolls of remove curse {@r2}
 k - 14 scrolls of teleportation {@r4}
 q - 5 scrolls of magic mapping
 B - 2 scrolls of summoning {unknown}
 F - 2 scrolls of vulnerability {unknown}
 I - 2 scrolls of holy word {unknown}
 L - 7 scrolls of immolation {!r}
 P - 4 scrolls of fog {unknown}
 T - a scroll of silence {unknown}
Potions
 d - 3 potions of lignification {!q}
 s - 5 potions of curing {@q1}
 u - a potion of magic
 v - 3 potions of brilliance
 x - 3 potions of flight
 A - a potion of heal wounds {@q2}
 C - a potion of berserk rage
 M - 4 potions of might
 S - 2 potions of agility
 V - 2 potions of cancellation
 Y - 4 potions of haste {@q3}
Books
 f - a book of Burglary
Miscellaneous
 g - a legendary deck of summoning {the Dance}
 l - an ornate deck of escape
Comestibles
 c - 18 meat rations
 n - 2 beef jerkies
 G - 3 chunks of flesh
 K - 12 royal jellies

.≈≈≈≈≈≈≈.≈≈≈≈.♣
.≈≈≈≈≈≈≈......♣
.≈≈≈≈≈≈≈≈...≈♣♣
≈..≈≈≈≈≈≈..≈♣♣♣♣
♣♣≈.≈≈≈..♣≈.≈≈.♣
♣♣>≈≈...♣♣.≈≈≈.♣♣♣♣
≈≈≈≈..≈≈§.≈≈≈.....♣
≈≈≈≈.♣♣...§≈≈.♣≈≈≈♣
≈≈..≈..≈...≈≈≈)D@♣♣
≈..≈≈≈≈≈...≈≈.§♣♣♣
♣♣≈≈≈≈≈≈....P>♣♣
.≈.≈≈≈≈≈.≈.♣♣♣♣
..≈.≈≈≈.♣♣♣♣
.....≈.≈♣ ≈§.≈...♣♣
.♣♣♣♣♣♣♣ ♣♣


You could see an eight-headed hydra.


Message History

There is a stone staircase leading up here.
You climb upwards.
There is a stone staircase leading down here.
You start resting.
Eating one of 4 chunks of flesh.
This raw flesh tastes great.
You continue eating. x2
You can't wear anything.
Unknown command.
Zapping:
y - a wand of confusion (19)
Aim: a spriggan rider, wielding a spear (hasn't noticed you, umbra, chance 4%)
Okay, then.
Zapping:
w - a wand of heal wounds (3) {@v2} You feel much better.
This wand has 2 charges left.
The spriggan rider shouts!
You enter the shallow water.
Moving in this stuff is going to be slow.
Casting: Blade Hands You miscast Spider Form.
You are very lightly contaminated with residual magic.
Nothing appears to happen.
The spriggan rider misses you.
Casting: Spider Form Your front paws turn into razor-sharp scythe blades.
The spriggan rider completely misses you.
You slash the spriggan rider! Your shadow hits the spriggan rider.
The spriggan rider completely misses you.
You slice the spriggan rider!!
The spriggan rider completely misses you.
You barely miss the spriggan rider. You closely miss the spriggan rider.
Your shadow hits the spriggan rider.
You kill the wasp!
Dithmenos accepts your kill.
The spriggan jumps down from its now dead mount.
The seven-headed hydra roars!
You hit the spriggan.
Your shadow barely misses the spriggan.
The spriggan barely misses you.
You slash the spriggan! Your shadow hits the spriggan.
The spriggan closely misses you.
You slash the spriggan! You barely miss the spriggan. The spriggan misses you.
You slice the spriggan!!
You kill the spriggan!
Dithmenos accepts your kill.
You hear a splash.
You fade into invisibility!
The seven-headed hydra completely misses you.
The seven-headed hydra bites you.
* * * LOW HITPOINT WARNING * * *
The seven-headed hydra misses you.
The seven-headed hydra closely misses you.
The seven-headed hydra misses you.
The seven-headed hydra completely misses you. x2
You catch the helpless seven-headed hydra completely off-guard!
You slice one of the seven-headed hydra's heads off!
The six-headed hydra grows two more!
You hit the eight-headed hydra. You slash the eight-headed hydra.
The eight-headed hydra bites you!
* * * LOW HITPOINT WARNING * * *
The eight-headed hydra completely misses you.
The eight-headed hydra bites you!
* * * LOW HITPOINT WARNING * * *
The eight-headed hydra completely misses you. x2
The eight-headed hydra closely misses you.
The eight-headed hydra completely misses you.
The eight-headed hydra barely misses you.
You hit the eight-headed hydra but do no damage.
The eight-headed hydra completely misses you.
The eight-headed hydra closely misses you.
The eight-headed hydra completely misses you.
The eight-headed hydra closely misses you.
The eight-headed hydra bites you!
You die...

Action                   |  1- 3 |  4- 6 |  7- 9 | 10-12 | 13-15 | 16-18 || total
-------------------------+-------+-------+-------+-------+-------+-------++-------
Melee: Unarmed           |    84 |   210 |   335 |   794 |  1394 |   120 ||  2937
 Cast: Beastly Appendage |    17 |    35 |    35 |    35 |    13 |       ||   135
       Sticks to Snakes  |     4 |    46 |    19 |       |    11 |       ||    80
       Blade Hands       |       |       |       |     1 |    32 |     7 ||    40
       Repel Missiles    |       |       |       |       |     3 |       ||     3
       Dazzling Spray    |       |       |       |       |     2 |       ||     2
       Blink             |       |       |       |       |     1 |       ||     1
Invok: Shadow Step       |       |       |       |       |     5 |       ||     5
       Shadow Form       |       |       |       |       |     2 |       ||     2
 Abil: Evoke Invisibilit |       |       |     7 |    41 |    59 |     4 ||   111
       End Transformatio |       |       |       |       |     1 |       ||     1
Evoke: Wand              |       |       |       |     7 |    28 |     5 ||    40
  Use: Potion            |     2 |       |     2 |     3 |     9 |       ||    16
       Scroll            |       |       |    12 |     4 |    29 |     3 ||    48
 Stab: Sleeping          |     2 |     3 |    29 |    59 |   192 |    14 ||   299
       Distracted        |       |     2 |     2 |    10 |    16 |     1 ||    31
       Invisible         |       |       |     7 |    70 |   122 |     4 ||   203
       Confused          |       |       |       |       |     1 |       ||     1
       Paralysed         |       |       |       |       |     1 |       ||     1
  Eat: Chunk             |    11 |    17 |    21 |    44 |    70 |    10 ||   173
       Pizza             |       |       |       |       |     6 |       ||     6
       Beef jerky        |       |       |       |       |     5 |       ||     5

Vault maps used:
D:1:      lemuel_arrival_muddy, nrook_mini_vaults
D:2:      first_bread, uniq_terence
D:3:      uniq_jessica
D:4:      minmay_temple_entry_glassed_door, portal_sewer_entry_d,
          nicolae_ru_great_annihilating_truth
D:5:      uniq_edmund
D:6:      serial_shops, shop, grunt_ministairs_9
D:8:      basic_altar, hangedman_little_slice_of_home, grunt_decor_mini_mirrors
D:9:      grunt_temple_overflow_order_and_chaos_1, grunt_temple_overflow_open,
          hiddenorc1_lemuel, kennysheep_generic_room_10
D:10:     minmay_evil_grid
D:11:     erik_lair_orcish_takeover
D:12:     kennysheep_snake, serial_shops, shop, roderic_digamma_sauvastika,
          uniq_maud
D:13:     erik_vaults_1
D:14:     serial_shops, nicolae_shop_waterfront, minmay_misc_feat_chi
D:15:     grunt_enter_depths_hoard, serial_park_square1, basic_altar, hex_tiny
Temple:   oiseaux_autumnal_temple_12
Lair:2:   beast_lair_carwin_3, uniq_gastronok
Lair:3:   portal_ice_cave_entry_pillars_02
Lair:4:   dummy_snake_entry, beast_lair_carwin_5, infiniplex_staircase_pool_2,
          lemuel_fruit_fields
Lair:5:   swamp_mist, lab_entry_generic, lemuel_fruit_tree, grunt_megastairs_5
Lair:6:   uniq_nessos, uniq_rupert
Lair:7:   minmay_slime_entry_oklob_open, minivault_24, st_stairs_6
Lair:8:   minmay_lair_end_frog_pond, minivault_19, st_stairs_5
Swamp:1:  evilmike_swamp_ruin_rubble_2, infiniplex_staircase_pool, uniq_roxanne,
          uniq_nikola
Swamp:2:  evilmike_swamp_ruin_house_6, swamp_pool1, roderic_ravens_nest
Swamp:3:  nicolae_swamp_very_dense_foliage, swamp_pool1
Swamp:4:  swamp_old_school
Orc:2:    hangedman_minor_magic
Orc:3:    nicolae_orc_pool_cavern
Orc:4:    st_orc_rangers, serial_shops, shop, mines1_david
Lab:      labyrinth_skeletal_remains
Sewer:    sewer_kobolds
IceCv:    ice_cave_caverns_01

Notes
Turn   | Place    | Note
--------------------------------------------------------------
     0 | D:1      | Sixotanaka, the Felid Transmuter, began the quest for the Orb.
     0 | D:1      | Reached XP level 1. HP: 9/9 MP: 4/4
   456 | D:1      | Reached XP level 2. HP: 12/12 MP: 6/6
   460 | D:1      | Learned a level 2 spell: Sticks to Snakes
  1334 | D:2      | Noticed Terence
  1422 | D:2      | Reached skill level 4 in Unarmed Combat
  1441 | D:1      | Reached XP level 3. HP: 12/15 MP: 5/7
  1515 | D:1      | Learned a level 3 spell: Spider Form
  1543 | D:2      | Killed Terence
  2458 | D:2      | Reached XP level 4. HP: 15/19 MP: 1/8
  2573 | D:2      | Reached skill level 5 in Unarmed Combat
  3292 | D:3      | Noticed FedoraBrony69's ghost (average DECj)
  3645 | D:3      | Noticed Jessica
  3651 | D:3      | Killed Jessica
  3651 | D:3      | Reached XP level 5. HP: 20/22 MP: 6/9
  3719 | D:4      | Noticed an ogre
  3733 | D:4      | Killed an ogre
  3733 | D:4      | Reached skill level 6 in Unarmed Combat
  3810 | D:4      | HP: 4/22 [worker ant (8)]
  3967 | D:4      | Found a glowing drain.
  4004 | Sewer    | Entered a sewer
  4308 | Sewer    | Reached skill level 7 in Unarmed Combat
  4308 | Sewer    | Gained mutation: You are covered in thick fur (AC +2). [Felid growth]
  4308 | Sewer    | Reached XP level 6. HP: 25/25 MP: 10/10
  4318 | Sewer    | Found a glowing silver altar of Zin.
  4605 | D:4      | Found a sacrificial altar of Ru.
  5046 | D:4      | Found a staircase to the Ecumenical Temple.
  5054 | Temple   | Entered the Ecumenical Temple
  5146 | Temple   | Became a worshipper of Dithmenos the Shadowed
  5425 | D:5      | Entered Level 5 of the Dungeon
  5638 | D:3      | HP: 4/25 [FedoraBrony69's ghost/magic dart (5)]
  5639 | D:3      | Killed from afar by FedoraBrony69's ghost
  5640 | D:3      | Reached XP level 5. HP: 0/22 MP: 1/9
  6441 | D:5      | Reached skill level 1 in Stealth
  6441 | D:5      | Reached XP level 6. HP: 23/25 MP: 8/10
  6587 | D:5      | Reached skill level 8 in Unarmed Combat
  6626 | D:5      | Reached skill level 2 in Stealth
  6778 | D:5      | HP: 6/25 [orc priest/wand of magic darts (7)]
  7291 | D:5      | Reached skill level 3 in Stealth
  7291 | D:5      | Reached XP level 7. HP: 11/28 MP: 1/11
  7502 | D:5      | Noticed Edmund
  7662 | D:5      | Killed Edmund
  7662 | D:5      | Reached skill level 4 in Stealth
  7888 | D:5      | Reached skill level 9 in Unarmed Combat
  8034 | D:6      | Noticed FedoraBrony69's ghost (experienced DECj)
  8084 | D:5      | Upgraded the game from 0.17-a0-941-g450667a to 0.17-a0-946-g1856e96
  8194 | D:6      | Found Nihaloibo's Antique Weapon Shoppe.
  8238 | D:6      | You fall through a shaft for 2 floors!
  8707 | D:8      | Reached skill level 5 in Stealth
  8717 | D:8      | Reached XP level 8. HP: 30/32 MP: 12/12
  8979 | D:6      | HP: 6/32 [orc warrior/dire flail (19)]
  9356 | D:7      | Learned a level 5 spell: Blade Hands
  9365 | D:7      | Noticed a cyclops
  9602 | D:6      | Reached skill level 1 in Evocations
  9904 | D:7      | Reached skill level 10 in Unarmed Combat
 10215 | D:5      | Acquired Dithmenos's first power
 10215 | D:5      | Reached skill level 2 in Evocations
 10245 | D:6      | HP: 7/32 [orc warrior/dire flail (25)]
 10734 | D:6      | Upgraded the game from 0.17-a0-946-g1856e96 to 0.17-a0-957-ga3519be
 10822 | D:6      | HP: 8/32 [centaur (9)]
 10826 | D:6      | Reached skill level 3 in Evocations
 11587 | D:6      | HP: 1/32 [centaur/arrow (8)]
 11668 | D:6      | HP: 8/32 [orc wizard/dagger (4)]
 11669 | D:6      | Reached skill level 11 in Unarmed Combat
 11987 | D:6      | Reached skill level 4 in Evocations
 11987 | D:6      | Reached XP level 9. HP: 26/35 MP: 11/13
 12386 | D:7      | HP: 3/35 [cyclops/large rock (19)]
 12742 | D:7      | Killed a cyclops
 12742 | D:7      | Reached skill level 7 in Stealth
 12742 | D:7      | Reached skill level 5 in Evocations
 13056 | D:7      | Reached skill level 8 in Stealth
 13241 | D:8      | Found a shattered altar of Ashenzari.
 13255 | D:8      | Reached skill level 6 in Evocations
 13285 | D:8      | Reached skill level 3 in Dodging
 13472 | D:8      | Reached skill level 4 in Dodging
 13472 | D:8      | Reached skill level 9 in Stealth
 14078 | D:8      | Acquired Dithmenos's second power
 14083 | D:8      | Reached skill level 5 in Dodging
 14444 | D:8      | HP: 7/35 [acid (2)]
 14777 | D:8      | Reached XP level 10. HP: 33/39 MP: 15/15
 14841 | D:9      | Noticed an angel
 14842 | D:9      | Found a glowing silver altar of Zin.
 14843 | D:9      | Found a shimmering altar of Xom.
 14859 | D:9      | Reached skill level 10 in Stealth
 14945 | D:9      | Reached skill level 6 in Dodging
 15489 | D:9      | Found a sacrificial altar of Ru.
 15492 | D:9      | Found a blossoming altar of Fedhas.
 15493 | D:9      | Found a snail-covered altar of Cheibriados.
 15493 | D:9      | Found an iron altar of Okawaru.
 15493 | D:9      | Found a white marble altar of Elyvilon.
 16101 | D:9      | Found a staircase to the Orcish Mines.
 16123 | D:9      | Acquired Dithmenos's third power
 16151 | D:9      | Reached skill level 7 in Dodging
 16359 | D:9      | Reached skill level 11 in Stealth
 16501 | D:9      | Reached skill level 8 in Dodging
 16778 | D:10     | Entered Level 10 of the Dungeon
 16912 | D:10     | Noticed a fire dragon
 16916 | D:10     | Killed a fire dragon
 16916 | D:10     | Reached skill level 9 in Dodging
 16916 | D:10     | Reached skill level 12 in Stealth
 17046 | D:10     | Noticed a hill giant
 17302 | D:10     | Killed a hill giant
 17302 | D:10     | Reached skill level 10 in Dodging
 17387 | D:10     | Reached XP level 11. HP: 17/42 MP: 14/16
 17671 | D:10     | Reached skill level 13 in Stealth
 18336 | D:10     | Noticed a death drake
 18341 | D:10     | Killed a death drake
 18344 | D:10     | Identified the Incunabulum of Shape Shifting and Lightness
 18506 | D:11     | Reached skill level 11 in Dodging
 18707 | D:11     | Found a staircase to the Lair.
 18896 | D:11     | Noticed an unseen horror
 18925 | D:11     | Killed an unseen horror
 18925 | D:11     | Reached skill level 14 in Stealth
 19058 | D:11     | Noticed a six-headed hydra
 19132 | Lair:1   | Entered Level 1 of the Lair of Beasts
 19251 | Lair:1   | Reached skill level 12 in Dodging
 19484 | Lair:1   | Acquired Dithmenos's fourth power
 20027 | Lair:1   | Reached skill level 2 in Fighting
 20612 | Lair:2   | Noticed Gastronok
 20724 | Lair:2   | Reached skill level 15 in Stealth
 20726 | Lair:2   | Reached skill level 3 in Fighting
 20734 | Lair:2   | HP: 11/45 [wolf (10)]
 20740 | Lair:2   | HP: 4/45 [wolf (8)]
 21355 | Lair:2   | Reached skill level 4 in Fighting
 21639 | Lair:2   | HP: 7/46 [wolf (5)]
 21697 | Lair:2   | HP: 6/46 [hippogriff (8)]
 21701 | Lair:2   | Gained mutation: Your thick and shaggy fur keeps you warm (AC +3, rC+). [Felid growth]
 21701 | Lair:2   | Reached XP level 12. HP: 6/50 MP: 15/17
 21795 | Lair:3   | Found a frozen archway.
 21802 | IceCv    | Entered an ice cave
 22162 | IceCv    | Reached skill level 5 in Fighting
 22502 | IceCv    | Reached skill level 16 in Stealth
 22502 | IceCv    | Reached skill level 3 in Transmutations
 22908 | IceCv    | Reached skill level 4 in Transmutations
 23539 | IceCv    | Reached skill level 5 in Transmutations
 24142 | IceCv    | Reached skill level 17 in Stealth
 24142 | IceCv    | Reached skill level 6 in Transmutations
 24499 | IceCv    | Reached skill level 7 in Transmutations
 24612 | IceCv    | Noticed a frost giant
 24630 | IceCv    | HP: 12/51 [frost giant/battleaxe of freezing (32)]
 24915 | IceCv    | Reached skill level 1 in Invocations
 25062 | IceCv    | HP: 11/51 [frost giant/battleaxe of freezing (3)]
 25078 | IceCv    | HP: 5/51 [frost giant/bolt of cold (8)]
 25262 | IceCv    | HP: 9/51 [frost giant/battleaxe of freezing (42)]
 25309 | IceCv    | HP: 3/51 [frost giant/bolt of cold (12)]
 25676 | Lair:3   | HP: 8/51 [yak (18)]
 25939 | Lair:3   | Reached skill level 2 in Invocations
 26099 | Lair:3   | Noticed chequers's ghost (powerful MiFi)
 26208 | Lair:3   | Killed chequers's ghost
 26208 | Lair:3   | Reached skill level 8 in Transmutations
 26433 | Lair:3   | Reached XP level 13. HP: 54/54 MP: 18/18
 26573 | Lair:3   | Reached skill level 3 in Invocations
 27038 | Lair:4   | Reached skill level 4 in Invocations
 27258 | Lair:4   | Reached skill level 9 in Transmutations
 27415 | Lair:4   | Found a staircase to the Snake Pit.
 27739 | Lair:4   | Reached skill level 5 in Invocations
 27828 | Lair:4   | Imortallord333: I haven't been watching dcss in a while and when I come back, I find that they have a cool new sentient cat class.
 27857 | Lair:4   | Imortallord333: sorry, "species" lol
 27861 | Lair:4   | Sixotanaka: lol
 27861 | Lair:4   | Sixotanaka: how long have you been gone for wow?
 27861 | Lair:4   | Imortallord333: What do you think of the Felid? Seems to me that it would be a stealth class because of s*** AC
 27861 | Lair:4   | Imortallord333: since 1.4
 27861 | Lair:4   | Imortallord333: And cats are stealthy in real life too.
 27861 | Lair:4   | Sixotanaka: felids were introduced in 0.8.0 XD
 27861 | Lair:4   | Sixotanaka: umm
 27861 | Lair:4   | Sixotanaka: they're pretty good
 27861 | Lair:4   | Sixotanaka: depending on what you want to do
 27861 | Lair:4   | Sixotanaka: I've had some success with transmuters and stabbers
 27861 | Lair:4   | Imortallord333: Cheatas, Tigers, and Pumas all prefer stealth to any other approach
 27861 | Lair:4   | Sixotanaka: it's the best approach :P
 27861 | Lair:4   | Imortallord333: Whats transmuters?
 27861 | Lair:4   | Sixotanaka: uses the school transmutation
 27861 | Lair:4   | Imortallord333: is that what gave you the horns?
 27861 | Lair:4   | Sixotanaka: yep
 27861 | Lair:4   | Sixotanaka: and other abilities too
 27861 | Lair:4   | Imortallord333: cool
 27861 | Lair:4   | Sixotanaka: starts with book of changes
 27861 | Lair:4   | Sixotanaka: some unarmed skill, transmute
 28096 | Lair:4   | Sixotanaka: also LoS is now square
 28096 | Lair:4   | Sixotanaka: as of two days ago
 28124 | Lair:4   | Imortallord333: ah, I see
 28124 | Lair:4   | Sixotanaka: biggest change since I started around 0.8
 28127 | Lair:5   | Imortallord333: wouldn't a cat have really good sight?
 28128 | Lair:5   | Sixotanaka: yep
 28128 | Lair:5   | Sixotanaka: starts with sInv
 28128 | Lair:5   | Imortallord333: knew it lol
 28130 | Lair:5   | Found a labyrinth entrance.
 28139 | Lab      | Entered a labyrinth
 28166 | Lab      | Imortallord333: cats are naturally good at seeing in the dark.
 28256 | Lab      | Imortallord333: Oh hey, totally didn't see you go in here lol.
 28282 | Lab      | Imortallord333: Think you can kill the Mino?
 28282 | Lab      | Sixotanaka: Sure
 28309 | Lab      | Sixotanaka: i can give it a go :P
 28316 | Lab      | Sixotanaka: no sInv
 28391 | Lab      | Imortallord333: The main point of labyrinth is the treasure room, right?
 28400 | Lab      | Sixotanaka: 'course :)
 28418 | Lab      | Imortallord333: oh hey, blood, you seem to be close.
 28452 | Lab      | Imortallord333: what are the gears for?
 28498 | Lab      | Imortallord333: oh nvm, the maze changed.
 28658 | Lab      | Imortallord333: aaaannnnddd it changed again
 28698 | Lab      | Imortallord333: that must be frustrating lol
 28698 | Lab      | Sixotanaka: ya
 28698 | Lab      | Imortallord333: hey, there he is.
 28698 | Lab      | Sixotanaka: the changes mostly dont stop you getting to the exist
 28698 | Lab      | Imortallord333: he's asleep too.
 28698 | Lab      | Sixotanaka: normally it helps
 28698 | Lab      | Sixotanaka: i just couldn't remember where i came from rofl XD
 28699 | Lab      | Imortallord333: lol
 28708 | Lab      | Imortallord333: Nice!
 28708 | Lab      | Sixotanaka: stabbers strong :P
 28716 | Lab      | Imortallord333: yep, but super fragile.
 28720 | Lair:5   | Imortallord333: Thank goodness he was asleep.
 28720 | Lair:5   | Sixotanaka: kinda wish i was a spriggan still
 28720 | Lair:5   | Sixotanaka: that race is so broken
 28720 | Lair:5   | Imortallord333: so what was in there?
 28720 | Lair:5   | Sixotanaka: nothing much
 28720 | Lair:5   | Imortallord333: aww...
 28720 | Lair:5   | Sixotanaka: was hoping for some art jewelerry
 28721 | Lair:5   | Identified 2 scrolls of acquirement
 28722 | Lair:5   | Imortallord333: yeah, rings and that kind of stuff is pretty much all you can use as a cat.
 28727 | Lair:5   | Sixotanaka: so something you might not know if you haven't plyaed for a while
 28727 | Lair:5   | Imortallord333: Having no opposable thumbs must suck.
 28727 | Lair:5   | Sixotanaka: they got rid of item destruction
 28727 | Lair:5   | Sixotanaka: i can still use wands... somehow xD
 28822 | Lair:5   | Found a staircase to the Swamp.
 28943 | Lair:5   | Imortallord333: oh, so you can't just toss stuff and it magically dissapears?
 28957 | Lair:4   | Sixotanaka: dont think that ever happened
 28957 | Lair:4   | Sixotanaka: more fire damage doesn't burn scrolls
 28957 | Lair:4   | Imortallord333: oh well, not that big a deal.
 28957 | Lair:4   | Sixotanaka: the stuff dissapearing was things picking it up
 28957 | Lair:4   | Imortallord333: that's nice
 28957 | Lair:4   | Sixotanaka: it means you dont feel bad about carrying your tools with you :P
 29001 | Lair:4   | Imortallord333: ice still breaks your potions, right?
 29167 | Lair:4   | Sixotanaka: nope
 29204 | Lair:5   | Imortallord333: ow, that guy hit nice and hard.
 29226 | Lair:5   | Imortallord333: but with AC 3, anything hits hard I'd imagine.
 29250 | Lair:5   | Sixotanaka: mm
 29250 | Lair:5   | Sixotanaka: anything CAN hit that hard
 29250 | Lair:5   | Sixotanaka: on a caster
 29250 | Lair:5   | Sixotanaka: with no GDR
 29325 | Lair:5   | Imortallord333: Lol, silly frogs, cats eat frogs sometimes.
 29329 | Lair:5   | Reached skill level 10 in Transmutations
 29329 | Lair:5   | Reached skill level 6 in Invocations
 29333 | Lair:5   | Sixotanaka: yeah
 29333 | Lair:5   | Sixotanaka: I had two cats till recently :P
 29346 | Lair:5   | Imortallord333: snakes too, they can react that quickly.
 29354 | Lair:5   | Imortallord333: sorry man :(
 29354 | Lair:5   | Sixotanaka: yep, they brought home dead snakes af ew times
 29363 | Lair:5   | Sixotanaka: XD
 29421 | Lair:5   | Sixotanaka: they were very old
 29421 | Lair:5   | Sixotanaka: and lived long & happy lives
 29421 | Lair:5   | Imortallord333: it's really cool to watch, the cat just paws at the snake a few times, then it bite the neck when the snake misses.
 29421 | Lair:5   | Sixotanaka: so i'm not really upset about it
 29465 | Lair:5   | Sixotanaka: ya
 29527 | Lair:5   | Imortallord333: I understand, I had a black lab for 15 full years before he had to be put down.
 29577 | Lair:5   | Sixotanaka: our cats were almost 20 years old
 29589 | Lair:5   | Sixotanaka: very long lives for cats
 29631 | Lair:5   | Imortallord333: the funny thing about him was that he had white feet up to the ankles, so we called him "Socks" lol.
 29633 | Lair:5   | Reached skill level 7 in Invocations
 29653 | Lair:5   | Imortallord333: and yeah, that is long.
 29653 | Lair:5   | Sixotanaka: hehe
 29682 | Lair:5   | Sixotanaka: so how old are you, if you dont mind me asking?
 29719 | Lair:5   | Imortallord333: Best black lab a kid could want. affectionte, but not to the point that he would jump on you if you got home after being gone all day.
 29728 | Lair:5   | Sixotanaka: aww :)
 29728 | Lair:5   | Imortallord333: a nice in-between.
 29923 | Lair:5   | Imortallord333: We were soooo sad when he had to go.
 30191 | Lair:6   | Noticed Nessos
 30193 | Lair:6   | Killed Nessos
 30193 | Lair:6   | Reached skill level 8 in Invocations
 30203 | Lair:6   | Sixotanaka: fuck nessos
 30203 | Lair:6   | Imortallord333: but he's in a better place now. :)
 30203 | Lair:6   | Sixotanaka: that could have been bad if the wolves woke him up
 30246 | Lair:6   | Imortallord333: yep lol.
 30246 | Lair:6   | Sixotanaka: and he just kept blinking away and owning me
 30246 | Lair:6   | Sixotanaka: but i didn't want to go up and risk coming down that other stair
 30259 | Lair:6   | Sixotanaka: which would be even worse a situation
 30303 | Lair:6   | Learned a level 2 spell: Repel Missiles
 30306 | Lair:6   | Learned a level 2 spell: Blink
 30306 | Lair:6   | Imortallord333: well at least you don't have any runes yet, that would make it more sucky lol.
 30315 | Lair:6   | Sixotanaka: well, the early game is the hardest part :P
 30315 | Lair:6   | Sixotanaka: I've died in zot with 15 runes before haha
 30373 | Lair:6   | Imortallord333: A character without a rune is like a WOW character that isn't level 20 yet.
 30384 | Lair:6   | Sixotanaka: nah honestly it's the opposite
 30384 | Lair:6   | Sixotanaka: level 1 is like hardcore raiding
 30396 | Lair:6   | Imortallord333: I just mean you don't get too attached to it.
 30396 | Lair:6   | Sixotanaka: speaking as someone who raided for a top 5 us guild in vanilla :)
 30404 | Lair:6   | Noticed Rupert
 30631 | Lair:6   | Imortallord333: I personally don't play wow, I just used an example my dad told me when I tried to play once.
 30648 | Lair:6   | Sixotanaka: lol
 30662 | Lair:6   | Imortallord333: I got to level 20 then got bored.
 30663 | Lair:6   | Sixotanaka: ya
 30663 | Lair:6   | Sixotanaka: the game doesn't really start till max level
 30663 | Lair:6   | Sixotanaka: good thing it only takes a few days
 30853 | Lair:6   | Imortallord333: I wouldn't know lol
 30853 | Lair:6   | Sixotanaka: :)
 30937 | Lair:7   | Sixotanaka: so... you australian
 30937 | Lair:7   | Sixotanaka: ?
 30952 | Lair:7   | Reached skill level 9 in Invocations
 30965 | Lair:7   | Imortallord333: Nope, American
 30971 | Lair:7   | Sixotanaka: ah
 30971 | Lair:7   | Imortallord333: you?
 30971 | Lair:7   | Sixotanaka: Victoria, Australia
 30971 | Lair:7   | Sixotanaka: this server is hosted in sydney, is why I ask
 30971 | Lair:7   | Imortallord333: My sister went to Australia once.
 30971 | Lair:7   | Sixotanaka: i think csz and cao are the american ones
 30971 | Lair:7   | Imortallord333: part of some program I think.
 30971 | Lair:7   | Sixotanaka: oj?
 30971 | Lair:7   | Sixotanaka: oh?
 31184 | Lair:7   | Found a staircase to the Slime Pits.
 31342 | Lair:7   | Imortallord333: she brought me back a boomerang as a soviner.
 31346 | Lair:7   | Sixotanaka: classic
 31407 | Lair:8   | Entered Level 8 of the Lair of Beasts
 31526 | Lair:8   | Sixotanaka: I really like it here
 31526 | Lair:8   | Sixotanaka: but
 31526 | Lair:8   | Imortallord333: She got it, cause I played Legend of Zelda a lot as a kid and one of the more common items you get in those games is a boomerang.
 31526 | Lair:8   | Sixotanaka: ya i know :P
 31526 | Lair:8   | Sixotanaka: we have really shitty internet, and massive ping everywhere
 31542 | Lair:8   | Imortallord333: Geez, what a pain.
 31579 | Lair:8   | Sixotanaka: every time i hear americans complain about time warner/comcast i want to kill myself
 31579 | Lair:8   | Imortallord333: You seem to be doing pretty good right now though.
 31579 | Lair:8   | Sixotanaka: I have like 8megabit down
 31579 | Lair:8   | Sixotanaka: and pay 130 a month for it
 31579 | Lair:8   | Imortallord333: yeah, some people are WAAAYYYYY too entitled.
 31579 | Lair:8   | Sixotanaka: we live in the dystopian future where time warner and comcast merged, own all the exchanges and ifnrastructure
 31599 | Lair:8   | Sixotanaka: and they just charge w/e the fuck they want
 31599 | Lair:8   | Sixotanaka: because no one can compete
 31647 | Lair:8   | Imortallord333: Oh, it's not dsytopia until 2018, when global warming will aparently get too bad to fix.
 31654 | Lair:8   | Sixotanaka: it already is too bad to fix
 31654 | Lair:8   | Sixotanaka: :)
 31654 | Lair:8   | Sixotanaka: quoting the prime minister of australia
 31654 | Lair:8   | Sixotanaka: "coal is the future"
 31665 | Lair:8   | Sixotanaka: rofl
 31666 | Lair:8   | Imortallord333: I say "will" and not "may" because noone apparently cares enough.
 31674 | Lair:8   | Imortallord333: yeah lol.
 31687 | Lair:8   | Imortallord333: idiot.
 31687 | Lair:8   | Sixotanaka: we literally elected george bush
 31687 | Lair:8   | Sixotanaka: idk how the fuck
 31690 | Lair:8   | Sixotanaka: our 'democrats' equiv basically fucked up SO badly
 31690 | Lair:8   | Imortallord333: See how much of a future there is when all the coal is gone.
 31696 | Lair:8   | Sixotanaka: see how muhc of a future it is when our atmosphere is CO2 because of all the coal
 31702 | Lair:8   | Imortallord333: I don't go into politics much, cause all I see it as is the adult version of a playground argument.
 31702 | Lair:8   | Reached skill level 12 in Unarmed Combat
 31702 | Lair:8   | Reached XP level 14. HP: 58/58 MP: 22/22
 31703 | Lair:8   | Sixotanaka: yep
 31703 | Lair:8   | Sixotanaka: I'm a scientist myself
 31703 | Lair:8   | Imortallord333: oh, and you can, and will get sued.
 31703 | Lair:8   | Sixotanaka: so I only care about what's true
 31703 | Lair:8   | Sixotanaka: idgaf about party lines or things people want to protect
 31703 | Lair:8   | Imortallord333: yeah, understandable.
 31722 | Lair:8   | Sixotanaka: we used to be very good like that
 31722 | Lair:8   | Sixotanaka: i.e. our republicans basically committed political suicide to enact gun control legislation
 31722 | Lair:8   | Sixotanaka: and as a result we've basically got no violent crime or murder
 31742 | Lair:8   | Sixotanaka: went from like 16 mass murders in 10 years to 2 in 25
 31752 | Lair:8   | Sixotanaka: just in my state
 31752 | Lair:8   | Imortallord333: isn't that a good thing? not having violent crime or murder?
 31756 | Lair:8   | Sixotanaka: yeah it's awesome
 31831 | Lair:8   | Imortallord333: oh, sorry I missread the message above lol.
 31831 | Lair:8   | Sixotanaka: we just need to get on to drug decriminalization
 31831 | Lair:8   | Sixotanaka: and we'll basically have no crime
 31839 | Lair:8   | Imortallord333: let's get back to dcss lol
 31882 | Lair:8   | Imortallord333: oh s***
 31882 | Lair:8   | Reached XP level 15. HP: 49/61 MP: 15/23
 31888 | Lair:8   | Sixotanaka: lol
 31970 | Lair:8   | Imortallord333: good thing cats are so fast lol.
 32000 | Lair:8   | Reached skill level 10 in Invocations
 32040 | Lair:8   | Imortallord333: also good thing that eels can't leave water
 32046 | Lair:8   | Sixotanaka: ya
 32046 | Lair:8   | Sixotanaka: no relec makes that scary
 32103 | Lair:8   | Imortallord333: huh, this part looks different.
 32109 | Lair:8   | Imortallord333: relec?
 32119 | Lair:8   | Sixotanaka: resist electricity
 32119 | Lair:8   | Sixotanaka: and l8 can roll af ew maps
 32119 | Lair:8   | Imortallord333: srry, I havn't memorized all the uniques yet.
 32134 | Lair:8   | Imortallord333: ouch lol.
 32197 | Lair:8   | Sixotanaka: ya
 32197 | Lair:8   | Imortallord333: running sounds good now.
 32197 | Lair:8   | Sixotanaka: torpor snails slow everything in LoS
 32215 | Lair:8   | HP: 12/61 [blink frog (17)]
 32229 | Lair:8   | Reached skill level 18 in Stealth
 32254 | Lair:8   | Sixotanaka: well
 32254 | Lair:8   | Sixotanaka: all enemies
 32254 | Lair:8   | Sixotanaka: with him around the yaks are faster
 32258 | Lair:8   | Imortallord333: that was close.
 32389 | Lair:8   | Imortallord333: don't the spiny frogs shoot at you?
 32393 | Lair:8   | Sixotanaka: nope
 32406 | Lair:8   | Imortallord333: oh nvm
 32472 | Lair:8   | Sixotanaka: they hit like trucks tho
 32511 | Lair:8   | Imortallord333: yep, and poison I think
 32592 | Lair:8   | Imortallord333: I'm guessing fighting a hydra in melee is suicide for you.
 32600 | Lair:8   | Sixotanaka: yeah
 32600 | Lair:8   | Sixotanaka: they hit once for each head
 32600 | Lair:8   | Sixotanaka: so my EV is way less useful
 32609 | Lair:8   | Imortallord333: yep, was about to say that.
 32609 | Lair:8   | Sixotanaka: since ev is calculated with entropy reduction
 32609 | Lair:8   | Sixotanaka: it's only a matter of time till i get hit
 32709 | Lair:8   | Imortallord333: how many hits will kill you, you think
 32710 | Lair:8   | Imortallord333: ?
 32710 | Lair:8   | Sixotanaka: 18 dmg per head
 32730 | Lair:8   | Imortallord333: k then... math time....
 32730 | Lair:8   | Sixotanaka: it's unlikely i'll die but it's not worth the risk
 32730 | Lair:8   | Sixotanaka: at all
 32777 | Lair:8   | Imortallord333: about 3-4 hits to kill you then
 32807 | Lair:8   | Sixotanaka: yup
 32807 | Lair:8   | Sixotanaka: with 8 attacks per turn
 32807 | Lair:8   | Sixotanaka: if he randomizes energy, that's 16 chances
 32809 | Lair:8   | Imortallord333: as long as you don't get stuck in a corner lol.
 32856 | Lair:8   | Imortallord333: hey look, door in the middle of nowhere :)
 32909 | Lair:8   | Imortallord333: something in that area you don't want to go in?
 32915 | Lair:7   | Sixotanaka: eels
 33120 | Lair:7   | Imortallord333: can you even go in water?
 33265 | Lair:4   | Sixotanaka: not deep water
 33304 | Lair:1   | Imortallord333: I know some cats can swim, but they generally prefer not to.
 33304 | Lair:1   | Imortallord333: ok.
 33344 | Lair:1   | Imortallord333: going to get a snack
 33656 | D:11     | Killed a six-headed hydra
 34164 | D:12     | Imortallord333: back
 34323 | D:12     | Found Bafug's Armour Shoppe.
 34600 | D:12     | Noticed Maud
 34612 | D:12     | Killed Maud
 35043 | D:12     | Reached skill level 19 in Stealth
 35580 | D:12     | Reached skill level 13 in Unarmed Combat
 36350 | D:13     | Imortallord333: what does magic contam do anyway?
 36358 | D:13     | Sixotanaka: nothing until it gets up to yellow
 36358 | D:13     | Sixotanaka: then you get a whole bunch of miscast effects
 36358 | D:13     | Sixotanaka: including malmut
 36385 | D:13     | Imortallord333: which is....?
 36389 | D:13     | Sixotanaka: mutation skewed towards being bad
 36398 | D:13     | Found a gate to the Vaults.
 36416 | D:13     | Imortallord333: oh, yeah that is bad.
 36424 | D:13     | HP: 6/61 [enchanted long sword (12)]
 36700 | D:12     | Imortallord333: nice escape.
 36919 | D:13     | Imortallord333: so what kinds of things are you worried about running into this far?
 36942 | D:13     | Sixotanaka: too many to count XD
 36942 | D:13     | Sixotanaka: anything that can ignore ev mostly
 36942 | D:13     | Sixotanaka: things that sInv
 37004 | D:13     | Imortallord333: any particualar unique?
 37035 | D:13     | Sixotanaka: most uniques are fine
 37035 | D:13     | Sixotanaka: already ran into the two scariest for now
 37035 | D:13     | Sixotanaka: nessos and rupert
 37035 | D:13     | Imortallord333: k.
 37276 | D:14     | Found Plog's Armour Shoppe.
 37278 | D:14     | Imortallord333: so you didn't run into Siggy on D1, huh?
 37319 | D:14     | Sixotanaka: sigmund doesn't spawn on d1
 37475 | D:14     | Imortallord333: well yeah but he can spawn pretty close to it.
 37475 | D:14     | Sixotanaka: 2-7
 37475 | D:14     | Sixotanaka: yeah
 37483 | D:14     | Sixotanaka: i skipped a lot of those floors
 37483 | D:14     | Sixotanaka: tho
 37495 | D:14     | Imortallord333: lol, siggy on d2
 37502 | D:14     | Sixotanaka: happens to me all the time
 37502 | D:14     | Sixotanaka: i am like the least lucky player in crawl lol
 37502 | D:14     | Sixotanaka: i got shafted on like 14 characters in a row
 37502 | D:14     | Sixotanaka: into certain death
 37525 | D:14     | Imortallord333: nah, I'm sure you aren't the only one.
 37536 | D:14     | Sixotanaka: i know people with 6k+ games who've never been shafted before rofl
 37598 | D:14     | Sixotanaka: well never randomly
 37629 | D:14     | Imortallord333: well, you've watched more than I.
 37645 | D:14     | Imortallord333: That's for sure.
 37905 | D:14     | Sixotanaka: i've also started in certain death a few times lol
 37905 | D:14     | Imortallord333: then again, I haven't watched many runs that didn't already have 2 or 3 runes.
 37905 | D:14     | Imortallord333: started?
 37905 | D:14     | Sixotanaka: yeah
 37905 | D:14     | Sixotanaka: like the room you start in
 37905 | D:14     | Imortallord333: do tell...
 37905 | D:14     | Sixotanaka: has a long chokepoint exit
 37905 | D:14     | Sixotanaka: adn there's like a pack of wolves, an adder and some ooze in it
 37905 | D:14     | Sixotanaka: you cant kill
 37905 | D:14     | Sixotanaka: cant run
 38122 | D:14     | Imortallord333: oh lol, that sucks.
 38164 | D:15     | Entered Level 15 of the Dungeon
 38165 | D:15     | Imortallord333: so what kills you first lol.
 38165 | D:15     | Sixotanaka: my closest friend is a guy named zzxc
 38165 | D:15     | Sixotanaka: http://crawl.akrasiac.org/scoring/streaks.html
 38165 | D:15     | Sixotanaka: he thinks i'm unlucky too :)
 38253 | D:15     | Sixotanaka: equal 3rd most wins in a row of all online players
 38445 | D:15     | Imortallord333: yeah, but I'm sure a lot of people are just as unfortunate as you, maybe even more so.
 38452 | D:15     | Sixotanaka: :P
 38452 | D:15     | Imortallord333: hey, that's different
 38452 | D:15     | Sixotanaka: I haven't seen it yet!
 38504 | D:15     | Imortallord333: what's the forest area?
 38527 | D:15     | Sixotanaka: a vault
 38621 | D:15     | Found a sparkling altar of Nemelex Xobeh.
 38625 | D:15     | Imortallord333: k
 38715 | D:15     | Imortallord333: what runes do you plan on going for?
 38815 | D:15     | Sixotanaka: lair runes and vaults
 38828 | D:15     | Sixotanaka: maybe something else
 38828 | D:15     | Sixotanaka: this char is going for a win
 38866 | D:15     | Found a staircase to the Depths.
 38868 | D:15     | Reached skill level 20 in Stealth
 38876 | D:15     | Sixotanaka: my current goal is 1 win with all races/backgrounds
 38972 | D:15     | Imortallord333: damn, badass kitty
 39328 | Orc:1    | Entered Level 1 of the Orcish Mines
 39398 | Orc:1    | Sixotanaka: ya
 39398 | Orc:1    | Imortallord333: There's a guy on the somethingaweful forums who has already done that if I'm not mistaken.
 39398 | Orc:1    | Sixotanaka: well
 39398 | Orc:1    | Sixotanaka: there are plenty
 39398 | Orc:1    | Sixotanaka: there's a guy who's won once on all races maxing stealth first
 39398 | Orc:1    | Sixotanaka: people who've won in less turns than i have now with all 15 runes
 39398 | Orc:1    | Sixotanaka: zzxc is going for greaterplayer without dying
 39398 | Orc:1    | Sixotanaka: greaterplayer meaning a win with all races/backgrounds
 39398 | Orc:1    | Sixotanaka: no-ones done that yet
 39398 | Orc:1    | Sixotanaka: but he's pretty close
 39398 | Orc:1    | Imortallord333: some of the classes just look really annoying to play.
 39398 | Orc:1    | Sixotanaka: idk, i don't think so
 39398 | Orc:1    | Sixotanaka: theyv'e done a lot of work making things less annoying
 39398 | Orc:1    | Imortallord333: demigod seems like a joke in particular.
 39398 | Orc:1    | Sixotanaka: nah
 39398 | Orc:1    | Sixotanaka: demigod is actually quite strong
 39398 | Orc:1    | Imortallord333: but they can't worship a god, right?
 39398 | Orc:1    | Sixotanaka: I have 2 15 rune chei wins, so I know how to make high stats work for you :)
 39398 | Orc:1    | Sixotanaka: but they have high stats
 39398 | Orc:1    | Sixotanaka: to compensate
 39398 | Orc:1    | Sixotanaka: high hp, str, int, dex, mp
 39412 | Orc:1    | Imortallord333: yep I know, I just remember a lot of people saying that they suck, but then again, I haven't been around since 1.4
 39511 | Orc:1    | Sixotanaka: I mean it's a big disadvantage for sure
 39511 | Orc:1    | Sixotanaka: but I'd rate them higher than... felids for example
 39511 | Orc:1    | Sixotanaka: octopodes
 39691 | Orc:2    | Sixotanaka: ok well
 39691 | Orc:2    | Sixotanaka: i'm off
 39691 | Orc:2    | Imortallord333: I'm heading for bed, gnight!
 39691 | Orc:2    | Sixotanaka: have a good night :P
 40672 | Orc:3    | Found a staircase to the Elven Halls.
 41464 | Orc:3    | Reached skill level 14 in Unarmed Combat
 42044 | Orc:4    | Entered Level 4 of the Orcish Mines
 42138 | Orc:4    | Found Lece's Antique Weapon Boutique.
 42155 | Orc:4    | Found a roughly hewn altar of Beogh.
 42787 | Orc:4    | Found Quigeri's Armour Boutique.
 42787 | Orc:4    | Found Sitejuac's Assorted Antiques.
 42789 | Orc:4    | Found Iramiux's General Store.
 42791 | Orc:4    | Found Daeleyl's Gadget Shop.
 42796 | Orc:4    | Bought a scroll of teleportation for 99 gold pieces
 42796 | Orc:4    | Bought a potion of heal wounds for 165 gold pieces
 42798 | Orc:4    | Bought 2 potions of heal wounds for 120 gold pieces
 42803 | Orc:4    | Bought a legendary deck of summoning for 364 gold pieces
 42803 | Orc:4    | Bought an ornate deck of escape for 280 gold pieces
 43424 | Orc:4    | Bought a scroll labeled GOVEOV EGUOSOJ for 33 gold pieces
 43424 | Orc:4    | Bought a potion of might for 132 gold pieces
 43424 | Orc:4    | Bought a sapphire potion for 29 gold pieces
 43424 | Orc:4    | Bought a scroll of identify for 66 gold pieces
 43427 | Orc:4    | Gained mutation: Your mind is acute. (Int +2) [potion of beneficial mutation]
 43432 | Orc:4    | Bought a chunky papyrus book for 495 gold pieces
 43687 | Orc:4    | Reached XP level 16. HP: 65/65 MP: 24/24
 44323 | D:3      | Killed FedoraBrony69's ghost
 45085 | D:6      | Killed FedoraBrony69's ghost
 45471 | Swamp:1  | Entered Level 1 of the Swamp
 45487 | Swamp:1  | Learned a level 3 spell: Dazzling Spray
 45619 | Swamp:1  | Reached skill level 1 in Hexes
 45886 | Swamp:1  | Noticed Roxanne
 46234 | Swamp:1  | Reached skill level 2 in Hexes
 46420 | Swamp:1  | Noticed Nikola
 46612 | Swamp:2  | Reached skill level 3 in Hexes
 46694 | Swamp:2  | Reached skill level 6 in Fighting
 46963 | Swamp:2  | Reached skill level 4 in Hexes
 47015 | Swamp:2  | HP: 9/66 [alligator (12)]
 47019 | Swamp:2  | Slain by an alligator
 47020 | Swamp:2  | Reached XP level 15. HP: -4/63 MP: 20/23
 47248 | Swamp:2  | HP: 10/63 [seven-headed hydra (16)]
 47267 | Swamp:2  | HP: 2/63 [seven-headed hydra (12)]
 47273 | Swamp:2  | HP: 10/63 [alligator (21)]
 47277 | Swamp:2  | HP: 3/63 [alligator (5)]
 47283 | Swamp:2  | HP: 14/63 [alligator (1)]
 47287 | Swamp:2  | HP: 4/63 [alligator (4)]
 47291 | Swamp:2  | Gained mutation: Your flesh is heat resistant. [mutagenic glow]
 47602 | Swamp:2  | Reached skill level 5 in Hexes
 47768 | Swamp:2  | HP: 11/63 [spriggan rider/spear (27)]
 47776 | Swamp:2  | Slain by a raven
 47777 | Swamp:2  | Reached XP level 14. HP: -3/60 MP: 19/22
 47983 | Swamp:2  | HP: 14/60 [spriggan rider/spear (26)]
 48200 | Swamp:3  | Reached skill level 7 in Fighting
 48841 | Swamp:3  | Reached skill level 8 in Fighting
 49627 | Swamp:4  | Entered Level 4 of the Swamp
 49668 | Swamp:4  | Reached skill level 9 in Fighting
 50441 | Swamp:4  | Reached skill level 10 in Fighting
 50453 | Swamp:4  | HP: 11/66 [alligator[an alligator] (12)]
 50624 | Swamp:3  | HP: 14/66 [four-headed hydra (11)]
 50624 | Swamp:3  | HP: 6/66 [spiny frog (8)]
 50658 | Swamp:2  | HP: 10/66 [eight-headed hydra (9)]
 50659 | Swamp:2  | Slain by an eight-headed hydra

Vanquished Creatures
  An orc warlord (Orc:3)
  Maud (D:12)
  Nessos (Lair:6)
  A minotaur (Lab)
  2 fire dragons
  11 hydras
  The ghost of chequers the Tortoise, a powerful MiFi of Makhleb (Lair:3)
  An ice dragon (D:15)
  A ghost crab (Swamp:3)
  2 death yaks (IceCv)
  A dancing weapon (D:13)
  2 centaur warriors
  5 alligators
  4 spriggans
  A skeletal warrior (D:12)
  A death drake (shapeshifter) (D:10)
  3 shambling mangroves
  2 unseen horrors
  5 swamp dragons
  An ice statue (IceCv)
  2 orc knights (Orc:4)
  2 wizards
  A wolf spider zombie (D:14)
  A griffon (Lair:6)
  2 ugly things (D:13)
  10 hill giants
  An orc sorcerer (Orc:3)
  4 cyclopes
  2 hornets (Swamp:4)
  2 centaur zombies
  The ghost of FedoraBrony69 the Thaumaturge, an experienced DECj of Vehumet (D:6)
  A torpor snail (Lair:8)
  A gargoyle (D:13)
  3 black mambas
  A komodo dragon (shapeshifter) (D:14)
  8 komodo dragons
  29 spiny frogs
  4 fire drakes
  5 trolls
  A tengu conjurer (D:12)
  A harpy zombie (D:14)
  18 polar bears (IceCv)
  3 giant leeches
  3 two-headed ogres
  13 ravens
  16 blink frogs
  4 bog bodies
  3 shadows
  A trapdoor spider (D:15)
  A vampire (D:15)
  3 wraiths
  52 yaks
  3 deep elf magi
  2 wyverns
  8 vampire mosquitoes
  7 hippogriffs
  3 wargs
  3 mottled dragons
  7 basilisks
  21 swamp worms
  A hungry ghost (D:9)
  Edmund (D:5)
  28 wolves
  A necrophage (D:8)
  3 phantoms
  11 swamp drakes
  31 orc warriors
  A trapdoor spider simulacrum (D:14)
  20 water moccasins
  6 wasps
  4 ogres
  3 black bears
  4 boggarts (D:15)
  15 porcupines
  5 ice beasts
  5 sky beasts
  4 crocodiles
  4 big kobolds
  A brain worm (Lair:5)
  14 centaurs
  35 giant frogs
  The ghost of FedoraBrony69 the Conjurer, an average DECj (D:3)
  A wyvern zombie (D:13)
  10 killer bees
  4 scorpions
  A water moccasin skeleton (D:8)
  5 wights
  5 crimson imps
  A giant frog zombie (D:8)
  2 quasits
  An iron imp (Orc:2)
  3 jellies (D:8)
  28 orc wizards
  7 hounds
  23 orc priests
  4 centaur skeletons
  A giant frog skeleton (D:13)
  Jessica (D:3)
  Terence (D:2)
  12 iguanas
  7 worker ants
  24 sheep
  2 hound zombies
  A hound skeleton (D:8)
  2 worker ant zombies
  11 adders
  51 river rats
  10 gnolls
  2 shadow imps
  A white imp (Orc:2)
  5 oozes
  An adder skeleton (D:9)
  10 giant geckos
  177 orcs
  15 bats
  A bat zombie (D:7)
  6 giant cockroaches
  26 goblins
  19 hobgoblins
  6 jackals
  33 kobolds
  3 ball pythons
  A giant gecko skeleton (D:8)
  A giant gecko zombie (D:5)
  4 giant newts
  A jackal skeleton (D:4)
  8 quokkas
  19 rats
  28 ballistomycetes
  A bush (Lair:7)
  A plant (Lair:7)
1085 creatures vanquished.

Vanquished Creatures (collateral kills)
  3 ogres
  2 orc wizards
  An orc priest (D:3)
  2 worker ants (D:4)
  An adder (D:4)
  An ooze (D:2)
  A worm (D:3)
  3 orcs
  A jackal (D:4)
  A bat (D:2)
16 creatures vanquished.

Vanquished Creatures (others)
  A centaur (Orc:4)
  An orc (Orc:4)
  5 giant spores
  A goblin (Orc:1)
  3 ballistomycetes
  10 fungi (Lair:8)
  8 plants
29 creatures vanquished.

Grand Total: 1130 creatures vanquished
